Map: Triton LE

Players

Ratl

  • Race: Protoss Protoss
  • League: Bronze
  • Spawn Location: 5:00

fire - Winner!

  • Race: Protoss Protoss
  • League: Silver
  • Spawn Location: 11:00

VOD

Have the link to the VOD?

Description

Time

  • Played on: Dec. 27, 2019, 9:54 p.m.
  • Length: 3:05
Show
View Real Time Build Order
Export as new Build Order

Ratl Protoss 

Build Orders:  

Get SALT Encoding   

  12  0:01  Probe  
  13  0:13  Probe (Chrono Boost)  
  14  0:20  Pylon  
  14  0:25  Probe (Chrono Boost)  
  15  0:39  Gateway  
  15  0:41  Probe  
  16  0:47  Assimilator  
  16  0:53  Probe, Assimilator  
  17  1:05  Probe  
  17  1:11  Gateway  
  18  1:17  Probe  
  19  1:29  Probe  
  20  1:42  Probe, Cybernetics Core  
  21  1:54  Probe  
  22  2:08  Nexus  
  21  2:25  Stalker  
  23  2:30  Pylon  
  23  2:47  Probe  
Show
View Real Time Build Order
Export as new Build Order

fire Protoss - Winner!

Build Orders:  

Get SALT Encoding   

  12  0:03  Probe  
  13  0:25  Pylon  
  13  0:33  Probe (Chrono Boost)  
  15  0:43  Probe (Chrono Boost)  
  15  0:47  Probe (Chrono Boost)  
  16  0:53  Forge  
  16  0:59  Probe  
  17  1:11  Probe  
  18  1:25  Pylon  
  18  1:30  Pylon  
  18  1:49  Photon Cannon  
  18  1:53  Photon Cannon  
  18  1:54  Probe  
  19  2:07  Pylon  
  19  2:08  Photon Cannon  
  19  2:12  Photon Cannon  
  19  2:14  Photon Cannon  
  19  2:42  Photon Cannon  
  19  2:48  Photon Cannon  
  19  2:58  Photon Cannon  
Tags
 
Matchup
PvP
Spawn Locations
Cross Positions
Add a new tag
Caveats
  • Supply blocks, unpowered buildings, or Contaminate may cause inaccurate times.
  • Supply counts are checked every 10 seconds.